[ AOE2 MATCH · #504965962 ]
UnrankedBritons vs Dravidians
Player's team · LOSS
[ REPLAY ANALYSIS · EXTRACTED FROM THE RECORDED GAME ]
Feudal
8:27
Castle
—
Imperial
—
| APM avg | 73.6 |
| APM peak | 110 |
| eAPM avg | 25.2 |
| Villagers / military | 84 / 50 |
Focus
⚔️ 39.1% · 🌾 60.9%
Skirmisher ×35 · Scout Cavalry ×12 · Archer ×3
Feudal
8:55
Castle
22:26
Imperial
—
| APM avg | 105.0 |
| APM peak | 134 |
| eAPM avg | 43.2 |
| Villagers / military | 55 / 41 |
Focus
⚔️ 53.9% · 🌾 46.1%
Skirmisher ×28 · Spearman ×9 · Battle Elephant ×3 · Archer ×1
Match map
Initial resources + every placement click. Lines = walls · curves = elevation contours. ◆ gold · ⬟ stone · ● berries · ✦ relic · ◌ wall gap
Your base· Open — 6t gap
iamkaito's base· Open — unwalled flank
Smoothed initial terrain · ◌ = detected wall gap · hover for details
Inputs per minute
— Zezlot - - iamkaito
Build order — Zezlot
First 150 of 204 actions detected
| 0:00 | Create | Villager (Male) |
| 0:01 | Build | House |
| 0:02 | Build | House |
| 0:08 | Create | Villager (Male) |
| 0:08 | Create | Villager (Male) |
| 0:09 | Create | Villager (Male) |
| 1:19 | Create | Villager (Male) |
| 1:19 | Create | Villager (Male) |
| 1:45 | Create | Villager (Male) |
| 1:46 | Create | Villager (Male) |
| 2:02 | Create | Villager (Male) |
| 2:56 | Create | Villager (Male) |
| 2:56 | Create | Villager (Male) |
| 2:57 | Create | Villager (Male) |
| 2:59 | Build | Lumber Camp |
| 3:06 | Create | Villager (Male) |
| 3:40 | Create | Villager (Male) |
| 3:40 | Create | Villager (Male) |
| 3:54 | Create | Villager (Male) |
| 4:11 | Build | House |
| 4:16 | Research | Loom |
| 4:18 | Create | Villager (Male) |
| 4:18 | Create | Villager (Male) |
| 4:20 | Create | Villager (Male) |
| 4:44 | Build | House |
| 5:22 | Build | Mill |
| 5:28 | Create | Villager (Male) |
| 5:28 | Create | Villager (Male) |
| 5:29 | Create | Villager (Male) |
| 5:29 | Create | Villager (Male) |
| 5:30 | Create | Villager (Male) |
| 5:31 | Create | Villager (Male) |
| 6:01 | Create | Villager (Male) |
| 6:02 | Create | Villager (Male) |
| 6:17 | Research | Feudal Age |
| 6:18 | Research | Feudal Age |
| 6:47 | Build | Palisade Gate |
| 6:49 | Create | Villager (Male) |
| 7:00 | Create | Villager (Male) |
| 7:00 | Create | Villager (Male) |
| 7:08 | Build | Barracks |
| 7:28 | Create | Villager (Male) |
| 7:28 | Create | Villager (Male) |
| 7:48 | Build | House |
| 7:53 | Create | Villager (Male) |
| 7:57 | Build | House |
| 8:14 | Create | Villager (Male) |
| 8:19 | Create | Villager (Male) |
| 8:25 | Build | House |
| 8:27 | Age | Feudal Age |
| 8:39 | Create | Villager (Male) |
| 8:46 | Create | Villager (Male) |
| 8:46 | Create | Villager (Male) |
| 9:08 | Build | Stable |
| 9:11 | Build | Archery Range |
| 9:16 | Create | Villager (Male) |
| 9:52 | Research | Double-Bit Axe |
| 9:52 | Research | Double-Bit Axe |
| 9:54 | Create | Archer |
| 9:54 | Create | Archer |
| 10:01 | Create | Villager (Male) |
| 10:11 | Build | Farm |
| 10:12 | Build | Farm |
| 10:21 | Create | Skirmisher |
| 10:21 | Create | Skirmisher |
| 10:28 | Build | House |
| 10:42 | Create | Skirmisher |
| 10:49 | Build | Mill |
| 11:14 | Create | Skirmisher |
| 11:33 | Build | Watch Tower |
| 12:19 | Create | Skirmisher |
| 12:19 | Create | Skirmisher |
| 12:42 | Create | Skirmisher |
| 12:45 | Create | Villager (Male) |
| 12:45 | Create | Villager (Male) |
| 12:45 | Create | Villager (Male) |
| 12:50 | Build | Farm |
| 12:51 | Build | Farm |
| 12:51 | Build | Farm |
| 12:51 | Build | Farm |
| 12:51 | Build | Farm |
| 13:06 | Create | Villager (Male) |
| 13:07 | Create | Skirmisher |
| 13:16 | Build | Farm |
| 13:18 | Build | Farm |
| 13:23 | Create | Skirmisher |
| 13:37 | Create | Villager (Male) |
| 13:38 | Create | Villager (Male) |
| 13:39 | Create | Villager (Male) |
| 13:52 | Create | Skirmisher |
| 13:54 | Create | Villager (Male) |
| 13:59 | Create | Villager (Male) |
| 14:04 | Build | Farm |
| 14:09 | Create | Villager (Male) |
| 14:10 | Create | Villager (Male) |
| 14:12 | Create | Villager (Male) |
| 14:28 | Build | Lumber Camp |
| 14:31 | Create | Villager (Male) |
| 14:40 | Create | Villager (Male) |
| 14:42 | Create | Villager (Male) |
| 15:07 | Create | Villager (Male) |
| 15:15 | Create | Skirmisher |
| 15:15 | Create | Skirmisher |
| 15:30 | Build | Stable |
| 15:39 | Create | Skirmisher |
| 16:05 | Create | Scout Cavalry |
| 16:05 | Create | Scout Cavalry |
| 16:28 | Build | Palisade Wall |
| 16:37 | Create | Villager (Male) |
| 16:38 | Build | House |
| 16:41 | Build | House |
| 16:50 | Build | Farm |
| 16:50 | Build | Farm |
| 16:51 | Build | Farm |
| 16:51 | Build | Farm |
| 16:51 | Build | Farm |
| 16:51 | Build | Farm |
| 16:51 | Build | Farm |
| 16:55 | Build | House |
| 17:02 | Build | Farm |
| 17:06 | Create | Villager (Male) |
| 17:11 | Create | Villager (Male) |
| 17:18 | Create | Skirmisher |
| 17:25 | Build | Farm |
| 17:27 | Build | Farm |
| 17:44 | Create | Villager (Male) |
| 17:47 | Build | Blacksmith |
| 17:58 | Create | Skirmisher |
| 17:59 | Create | Villager (Male) |
| 18:03 | Build | Farm |
| 18:08 | Build | Mining Camp |
| 18:23 | Create | Villager (Male) |
| 18:24 | Create | Scout Cavalry |
| 18:24 | Create | Scout Cavalry |
| 18:40 | Create | Villager (Male) |
| 18:42 | Create | Villager (Male) |
| 18:47 | Create | Villager (Male) |
| 18:49 | Build | Mining Camp |
| 18:51 | Build | Mining Camp |
| 19:12 | Create | Scout Cavalry |
| 19:15 | Create | Skirmisher |
| 19:26 | Create | Skirmisher |
| 19:26 | Create | Skirmisher |
| 19:27 | Create | Skirmisher |
| 19:37 | Create | Skirmisher |
| 19:41 | Create | Skirmisher |
| 19:53 | Create | Skirmisher |
| 19:54 | Create | Skirmisher |
| 19:55 | Create | Scout Cavalry |
| 20:02 | Create | Skirmisher |
Build order — iamkaito
First 150 of 179 actions detected
| 0:01 | Create | Villager (Male) |
| 0:01 | Create | Villager (Male) |
| 0:01 | Create | Villager (Male) |
| 0:02 | Create | Villager (Male) |
| 0:02 | Build | House |
| 0:04 | Build | House |
| 1:23 | Create | Villager (Male) |
| 2:03 | Create | Villager (Male) |
| 2:14 | Build | Lumber Camp |
| 2:15 | Create | Villager (Male) |
| 2:46 | Create | Villager (Male) |
| 3:02 | Create | Villager (Male) |
| 3:43 | Create | Villager (Male) |
| 3:43 | Create | Villager (Male) |
| 3:50 | Build | House |
| 4:27 | Create | Villager (Male) |
| 4:28 | Create | Villager (Male) |
| 4:38 | Create | Villager (Male) |
| 4:38 | Create | Villager (Male) |
| 4:45 | Build | Mill |
| 5:51 | Research | Loom |
| 5:55 | Create | Villager (Male) |
| 5:59 | Build | House |
| 6:17 | Research | Loom |
| 6:45 | Research | Feudal Age |
| 7:34 | Create | Villager (Male) |
| 7:57 | Build | Barracks |
| 8:01 | Build | Barracks |
| 8:55 | Age | Feudal Age |
| 8:59 | Build | Archery Range |
| 9:00 | Create | Spearman |
| 9:02 | Research | Double-Bit Axe |
| 9:04 | Build | House |
| 9:15 | Create | Villager (Male) |
| 9:22 | Build | Mill |
| 9:27 | Create | Spearman |
| 9:31 | Create | Villager (Male) |
| 9:38 | Create | Skirmisher |
| 9:42 | Build | House |
| 9:46 | Create | Villager (Male) |
| 9:46 | Create | Villager (Male) |
| 9:54 | Create | Villager (Male) |
| 10:02 | Create | Skirmisher |
| 10:09 | Create | Skirmisher |
| 10:24 | Build | Palisade Wall |
| 10:26 | Build | House |
| 10:31 | Build | Palisade Wall |
| 10:42 | Create | Villager (Male) |
| 10:47 | Build | Farm |
| 10:47 | Build | Farm |
| 10:50 | Create | Villager (Male) |
| 11:12 | Build | Farm |
| 11:24 | Create | Skirmisher |
| 11:42 | Create | Skirmisher |
| 11:43 | Create | Villager (Male) |
| 12:16 | Create | Skirmisher |
| 12:17 | Create | Villager (Male) |
| 12:18 | Build | House |
| 12:20 | Build | Farm |
| 12:29 | Create | Skirmisher |
| 12:36 | Build | House |
| 12:49 | Build | Farm |
| 12:50 | Build | House |
| 13:00 | Create | Skirmisher |
| 13:08 | Create | Villager (Male) |
| 13:15 | Build | Farm |
| 13:18 | Build | House |
| 13:25 | Create | Villager (Male) |
| 13:47 | Build | Palisade Wall |
| 13:47 | Build | Palisade Wall |
| 13:47 | Build | Palisade Wall |
| 13:47 | Build | Palisade Wall |
| 13:49 | Create | Villager (Male) |
| 13:52 | Create | Villager (Male) |
| 13:54 | Build | Farm |
| 13:56 | Build | House |
| 14:23 | Create | Villager (Male) |
| 14:37 | Create | Villager (Male) |
| 14:39 | Build | Blacksmith |
| 14:40 | Build | Palisade Wall |
| 14:42 | Create | Skirmisher |
| 14:42 | Create | Skirmisher |
| 14:49 | Build | House |
| 14:55 | Create | Villager (Male) |
| 15:05 | Create | Skirmisher |
| 15:15 | Create | Archer |
| 15:18 | Build | Farm |
| 15:29 | Research | Fletching |
| 15:29 | Research | Fletching |
| 15:30 | Create | Skirmisher |
| 15:31 | Create | Skirmisher |
| 15:34 | Create | Skirmisher |
| 15:36 | Create | Villager (Male) |
| 15:39 | Create | Villager (Male) |
| 15:39 | Create | Villager (Male) |
| 15:48 | Create | Skirmisher |
| 15:53 | Build | Farm |
| 16:21 | Build | House |
| 16:24 | Build | Farm |
| 16:24 | Build | Farm |
| 16:25 | Build | Farm |
| 16:40 | Create | Spearman |
| 16:41 | Create | Spearman |
| 16:44 | Create | Villager (Male) |
| 17:06 | Create | Spearman |
| 17:11 | Create | Villager (Male) |
| 17:14 | Build | Mining Camp |
| 17:17 | Build | Farm |
| 17:28 | Create | Villager (Male) |
| 17:55 | Build | Lumber Camp |
| 18:15 | Build | House |
| 18:24 | Create | Spearman |
| 18:25 | Build | House |
| 18:26 | Create | Spearman |
| 18:40 | Create | Villager (Male) |
| 18:42 | Build | Market |
| 18:51 | Create | Skirmisher |
| 18:51 | Create | Skirmisher |
| 19:05 | Create | Skirmisher |
| 19:12 | Create | Skirmisher |
| 19:13 | Build | House |
| 19:14 | Create | Villager (Male) |
| 19:14 | Create | Villager (Male) |
| 19:46 | Research | Castle Age |
| 20:01 | Build | Stable |
| 20:37 | Create | Skirmisher |
| 20:38 | Create | Skirmisher |
| 20:38 | Create | Skirmisher |
| 20:52 | Create | Spearman |
| 21:03 | Build | Archery Range |
| 21:06 | Create | Spearman |
| 21:10 | Build | Farm |
| 21:10 | Research | Horse Collar |
| 21:12 | Build | Farm |
| 21:30 | Build | Farm |
| 21:31 | Build | Farm |
| 21:31 | Create | Villager (Male) |
| 21:34 | Create | Villager (Male) |
| 21:34 | Create | Villager (Male) |
| 21:57 | Create | Skirmisher |
| 22:03 | Build | House |
| 22:04 | Create | Villager (Male) |
| 22:06 | Build | House |
| 22:19 | Build | Farm |
| 22:23 | Build | Farm |
| 22:24 | Research | Gold Mining |
| 22:25 | Research | Gold Mining |
| 22:26 | Age | Castle Age |
| 22:37 | Research | Elite Skirmisher (upgrade) |
| 22:45 | Create | Villager (Male) |
Match timeline
| 7:08 | Zezlot · first_building Barracks |
| 7:57 | iamkaito · first_building Barracks |
| 8:27 | Zezlot · age_up feudal |
| 8:55 | iamkaito · age_up feudal |
| 8:59 | iamkaito · first_building Archery Range |
| 9:08 | Zezlot · first_building Stable |
| 9:11 | Zezlot · first_building Archery Range |
| 10:24 | iamkaito · wall_segment Palisade Wall x1 |
| 10:31 | iamkaito · wall_segment Palisade Wall x2 |
| 13:47 | iamkaito · wall_segment Palisade Wall x1 |
| 13:47 | iamkaito · wall_segment Palisade Wall x1 |
| 13:47 | iamkaito · wall_segment Palisade Wall x1 |
| 13:47 | iamkaito · wall_segment Palisade Wall x1 |
| 14:40 | iamkaito · wall_segment Palisade Wall x3 |
| 16:28 | Zezlot · wall_segment Palisade Wall x1 |
| 19:41 | iamkaito · first_market_sell 100 wood |
| 19:42 | iamkaito · first_market_buy 100 food |
| 20:01 | iamkaito · first_building Stable |
| 22:26 | iamkaito · age_up castle |
| 24:53 | Zezlot · resign |
[ AI ANALYSIS · 1 CREDIT ]
What really happened in this match?
Wolo.gg analyzes every decision: build order, eco, micro, common mistakes by bracket. Personalized analysis on WhatsApp or Discord in 30 seconds.
Civ guide
Britons
Perfil
Zezlot